 Dungeon Crawl Stone Soup version 0.27-a0-1202-ge72e49191c (webtiles) character file.

Game seed: 12601394357999427568

77 Delamore the Skirmisher (level 4, 0/37 HPs)
             Began as a Formicid Fighter on June 4, 2021.
             Was a Follower of Jiyva.
             Slain by a gnoll
             ... wielding a +0 flail
              (4 damage)
             ... on level 1 of the Dungeon.
             The game lasted 00:01:42 (1634 turns).

Delamore the Skirmisher (Formicid Fighter)          Turns: 1634, Time: 00:01:43

Health: 0/37       AC:  6    Str: 21    XL:     4   Next: 58%
Magic:  4/4        EV:  8    Int:  8    God:    Jiyva [*.....]
Gold:   57         SH:  9    Dex: 10    Spells: 3/3 levels left

rFire    . . .     SeeInvis +   a - +0 trident
rCold    . . .     Faith    .   c - +0 kite shield
rNeg     . . .     Spirit   .   b - +0 scale mail
rPois    .         Reflect  .   (helmet unavailable)
rElec    .         Harm     .   (no cloak)
rCorr    .         Rampage  .   (no gloves)
Will     .....                  (no boots)
Stlth    ..........             (no amulet)
HPRegen  0.12/turn              (no ring)
MPRegen  0.09/turn              (no ring)

@: no status effects
A: permanent stasis, dig shafts and tunnels, antennae 3, four strong arms
a: Dig, Shaft Self, Renounce Religion, Request Jelly


You were on level 1 of the Dungeon.
You worshipped Jiyva.
Jiyva was aware of your devotion.
You visited 1 branch of the dungeon, and saw 2 of its levels.

You collected 57 gold pieces.

Inventory:

Hand Weapons
 a - a +0 trident (weapon)
Armour
 b - a +0 scale mail (worn)
 c - a +0 kite shield (worn)
Jewellery
 j - a ring of ice
Scrolls
 g - a scroll of summoning
 i - a scroll of noise {unknown}
Potions
 d - 2 potions of might
 e - a potion of haste


   Skills:
 + Level 4.1 Fighting
 * Level 3.8 Polearms
 - Level 3.2 Armour
 - Level 3.6 Shields


You had 3 spell levels left.
You didn't know any spells.
Your spell library contained the following spells:

 Spells                   Type           Power      Damage    Failure   Level
 Corona                   Hex            0%         N/A       98%         1
 Magic Dart               Conj           0%         1d3       98%         1
 Call Imp                 Summ           0%         N/A       99%         2
 Ensorcelled Hibernation  Hex/Ice        0%         N/A       99%         2
 Slow                     Hex            0%         N/A       99%         2
 Confusing Touch          Hex            0%         N/A       100%        3
 Conjure Flame            Conj/Fire      0%         6-21      100%        3
 Dazzling Flash           Conj/Hex       0%         N/A       100%        3
 Mephitic Cloud           Conj/Pois/Air  0%         N/A       100%        3
 Tukima's Dance           Hex            0%         N/A       100%        3
 Blink                    Tloc           Unusable   N/A       N/A         2

Dungeon Overview and Level Annotations

Branches:
Dungeon (2/15)

Altars:
Jiyva

Shops:
D:1 (


Innate Abilities, Weirdness & Mutations

You cannot be hasted, slowed, berserked, paralysed or teleported.
You can dig through walls and to a lower floor.
You have a pair of large antennae on your head. (SInv)
Your four strong arms can wield two-handed weapons with a shield.


Message History

Reach: a) +0 trident
Press: ? - help, Dir - move target, f - gnoll
Aim: a gnoll, wielding a +0 flail (about 39% to evade your +0 trident)
You reach to attack!
You hit the gnoll.
The gnoll is heavily wounded.
The gnoll barely misses you.
You climb upwards.
There is a stone staircase leading down here.
You hit the gnoll but do no damage.
The gnoll is heavily wounded.
The gnoll hits you with a +0 flail. The gnoll barely misses you.
You barely miss the gnoll.
The gnoll is heavily wounded.
You block the gnoll's attack.
You barely miss the gnoll.
The gnoll is heavily wounded.
The gnoll barely misses you.
You hit the gnoll but do no damage.
The gnoll is heavily wounded.
The gnoll hits you with a +0 flail. x2
* * * LOW HITPOINT WARNING * * *
You barely miss the gnoll.
The gnoll is heavily wounded.
The gnoll hits you with a +0 flail.
* * * LOW HITPOINT WARNING * * *
It was a potion of cancellation.
You feel magically purged. You block the gnoll's attack.
It was a potion of curing.
You feel better. The gnoll closely misses you.
You closely miss the gnoll.
The gnoll is heavily wounded.
You block the gnoll's attack.
You hit the gnoll.
The gnoll is almost dead.
The gnoll hits you with a +0 flail.
You barely miss the gnoll.
The gnoll is almost dead.
The gnoll hits you with a +0 flail!
* * * LOW HITPOINT WARNING * * *
The gnoll hits you with a +0 flail.
You die...

#.................
############.##.....#
#.....# #.###.#>.#
#.....######.##....##
#.....(.#.....#.##...
#.........).....##.#.
#................#.#.
#...g............#.#.
#...@............#.##
#................#.##
#................#...
##...............##..
##..............#...
######.#..##...#...
#.#.###...#... #...#
#####... #..## #...


You could see a gnoll.

Vanquished Creatures
  2 gnolls (D:2)
  3 dart slugs
  5 ball pythons
  2 endoplasms (D:1)
  2 giant cockroaches (D:2)
  2 goblins
  2 hobgoblins (D:1)
  6 jackals
  3 kobolds (D:1)
  5 quokkas
  6 bats
  9 frilled lizards
  2 rats (D:1)
49 creatures vanquished.

Notes
Turn   | Place    | Note
-------+----------+-------------------------------------------
     0 | D:1      | Delamore the Formicid Fighter began the quest for the Orb.
     0 | D:1      | Reached XP level 1. HP: 18/18 MP: 1/1
    49 | D:1      | Found Fecudus's Weapon Emporium.
   102 | D:1      | Reached XP level 2. HP: 24/24 MP: 2/2
   557 | D:1      | Reached XP level 3. HP: 26/30 MP: 3/3
   654 | D:1      | Found a faded altar of an unknown god.
   719 | D:1      | Became a worshipper of Jiyva Jaca the Shapeless
   719 | D:1      | Reached * piety under Jiyva
  1204 | D:2      | Reached XP level 4. HP: 37/37 MP: 4/4
  1245 | D:2      | Reached skill level 4 in Fighting
  1634 | D:1      | Slain by a gnoll

Illustrated notes

Levels and vault maps discovered:
D:1:      saegor_arrival_simple_b, layout_rooms, serial_shops,
          nicolae_shop_statue_plus, hellmonk_ecumenical_altar_lost_god,
          chequers_serial_rivers_room_b, nrook_loot_triangle,
          chequers_serial_rivers_micro_b, minmay_lizard_pond
D:2:      layout_loops_ring

Skill      XL: |  1  2  3  4 |
---------------+-------------+-----
Polearms       | 3 |  3.8
Fighting       | 4 |  4.1
Armour         | |  3.2
Shields        | |  3.6

Action                   |  1- 3 |  4- 6 || total
-------------------------+-------+-------++-------
Melee: Trident           |   124 |    50 ||   174
  Use: Scroll            |     2 |       ||     2
       Potion            |       |     2 ||     2
Armor: Scale mail        |    41 |    19 ||    60
Dodge: Dodged            |    36 |    18 ||    54
Block: Kite shield       |    63 |    27 ||    90

Table legend: (Time is in decaauts)
 A = Elapsed time spent in this place.
 B = Non-inter-level travel time spent in this place.
 C = Inter-level travel time spent in this place.
 D = Time resting spent in this place.
 E = Time spent auto-exploring this place.
 F = Levels seen in this place.
 G = Mean time per level.
                   A        B        C        D        E       F      G
               +--------+--------+--------+--------+--------+-----+--------+
         Total |   1694 |   1665 |     29 |    296 |    969 |   2 |  847.0 |
       Dungeon |   1694 |   1665 |     29 |    296 |    969 |   2 |  847.0 |
               +--------+--------+--------+--------+--------+-----+--------+

Top non-repeatable levels by time:
     D:1: 1055 daAuts
     D:2: 638 daAuts
